 Dungeon Sprint DCSS version 0.29-a0-1043-g569b05d6ff (webtiles) character file.

Game seed: 5817660204159493607

19569 Zeldest the Brawler (level 12, -8/131 HPs)
             Began as a Troll Fighter on Aug 15, 2022.
             Was a Priest of Jiyva.
             Mangled by Aizul (10 damage)
             ... in the Dungeon (Sprint IX: "|||||||||||||||||||||||||||||").
             The game lasted 00:09:37 (1132 turns).

Zeldest the Brawler (Troll Fighter)                 Turns: 1132, Time: 00:09:38

Health: -8/131     AC: 13    Str: 31    XL:     12   Next: 37%
Magic:  14/14      EV: 10    Int:  4    God:    Jiyva [***...]
Gold:   1157       SH:  9    Dex:  9    Spells: 11/16 levels left

rFire   . . .      SeeInvis .     - Unarmed
rCold   + + .      Faith    +   b - +0 kite shield
rNeg    . . .      Spirit   .   w - +1 ice dragon scales
rPois   .          Reflect  .   (helmet restricted)
rElec   .          Harm     .   m - +0 cloak
rCorr   +          Rampage  .   (gloves unavailable)
Will    .....      NoTele   +   (boots unavailable)
Stlth   ..........              e - amulet of faith
HPRegen 2.23/turn               t - ring of protection from fire
MPRegen 0.49/turn               h - +4 ring of slaying

@: lethally poisoned (-8 -> -12)
A: large, unfitting armour, claws 3, regeneration 1, shaggy fur 1, tough skin 1,
pseudopods 3, engulf
a: Renounce Religion, Oozemancy


You were in the Dungeon.
You worshipped Jiyva.
Jiyva was most pleased with you.
You visited 1 branch You collected 1905 gold pieces.
You spent 748 gold pieces at shops.

Inventory:

Armour
 a - a +0 robe
 b - a +0 kite shield (worn)
 i - +1 fire dragon scales
 m - a +0 cloak (worn)
 p - +0 steam dragon scales
 w - +1 ice dragon scales (worn)
Jewellery
 e - an amulet of faith (around neck)
 h - a +4 ring of slaying (right claw)
 l - a ring of willpower
 n - a +2 ring of protection
 o - a +3 ring of strength
 t - a ring of protection from fire (left claw)
 u - a ring of fire
 v - a ring of willpower
Wands
 s - a wand of mindburst (4)
Scrolls
 j - 2 scrolls of amnesia
 k - 3 scrolls of blinking
 q - 3 scrolls of identify
 r - 6 scrolls of enchant armour
 y - a scroll of fog
Potions
 c - a potion of might
 d - 8 potions of curing
 f - 2 potions of haste
 g - 4 potions of magic


   Skills:
 + Level 11.6 Fighting
 + Level 11.4 Armour
 + Level 11.1 Dodging
 + Level 9.0 Shields
 + Level 16.4 Unarmed Combat
 + Level 2.6 Spellcasting
 + Level 3.2 Transmutations
 - Level 3.1 Invocations
 + Level 10.0 Evocations


You had 11 spell levels left.
You knew the following spells:

 Your Spells              Type           Power      Damage    Failure   Level
a - Blade Hands           Tmut           1%         N/A       100%        5

Your spell library contained the following spells:

 Spells                   Type           Power      Damage    Failure   Level
 Foxfire                  Conj/Fire      0%         2x1d4     86%         1
 Conjure Flame            Conj/Fire      0%         6-21      99%         3
 Inner Flame              Hex/Fire       0%         N/A       99%         3
 Portal Projectile        Hex/Tloc       0%         N/A       99%         3
 Tukima's Dance           Hex            0%         N/A       99%         3
 Animate Armour           Summ/Erth      0%         N/A       100%        4
 Flame Wave               Conj/Fire      0%         2d4       100%        4
 Iskenderun's Mystic Bla  Conj/Tloc      0%         2d3       100%        4
 Sticky Flame             Conj/Fire      0%         2d3       100%        4


Dungeon Overview and Level Annotations

Branches:
Dungeon (1/1)

Altars:
Cheibriados
Dithmenos
Elyvilon
Fedhas
Gozag
Hepliaklqana
Kikubaaqudgha
Makhleb
Nemelex Xobeh
Okawaru
Qazlal
Ru
Sif Muna
Trog
Uskayaw
Vehumet
Wu Jian
Xom
Yredelemnul
Zin
The Shining One
Jiyva
Lugonu

Shops:
D =?:(

Annotations:
D Aizul


Innate Abilities, Weirdness & Mutations

You are too large for most types of armour.
You have claws for hands.
Your natural rate of healing is unusually fast.
You are covered in fur. (AC +1)
You have tough skin. (AC +1)
Armour fits poorly on your massive pseudopods.
Your melee attacks may engulf your foes in ooze.


Message History

Your slime is starting to congeal.
Magic restored.
A hell hound comes into view.
The hell hound barks!
A hell hound is nearby!
You claw the hell hound!
The hell hound is moderately wounded.
The hell hound bites you!
You eviscerate the hell hound!!!
You kill the hell hound!
Your Evocations skill increases to level 10!
You feel less slimy.
Aizul the Neglectful Guardian comes into view.
Aizul shouts!
Aizul coils herself and waves her upper body at you.
The poison arrow hits you!!
You are poisoned.
You feel very sick. Aizul casts a spell at you. The bolt of poison hits you!!
You are more poisoned.
You feel very sick.
Aizul says, "Feeling sleepy?"
Aizul coils herself and waves her upper body at you.
The bolt of poison hits you!!!
You are more poisoned.
* * * LOW HITPOINT WARNING * * *
You feel extremely sick.
You miss Aizul. You bludgeon Aizul!
Aizul is lightly wounded.
You feel very sick. Aizul hits you.
* * * LOW HITPOINT WARNING * * *
You mangle Aizul!!
You engulf Aizul in ooze!
Aizul is moderately wounded.
You feel very sick.
Aizul is asphyxiated!
Aizul hits you!
* * * LOW HITPOINT WARNING * * *
Aizul hits you!
You die...

▓_▓.▓.▓.▓.▓.▓.▓.▓
▓_▓.▓.▓.▓.▓.▓.▓.▓
▓_▓.▓.▓.▓.▓.▓.▓.▓
▓_▓.▓.▓.▓.▓.▓.▓.▓
▓_▓.▓.▓.▓.▓.▓.▓.▓
▓_▓.▓†▓.▓)▓.▓.▓.▓
▓_▓.▓†▓.▓.▓.▓.▓.▓
▓_▓.▓†▓.▓.▓.▓.▓.▓
▓_▓.▓'▓.▓)▓.▓[▓@▓
▓_▓.▓.▓.▓)▓.▓[▓S▓
▓_▓.▓.▓.▓.▓.▓.▓.▓
▓_▓.▓.▓.▓)▓.▓[▓.▓
▓_▓.▓.▓.▓'▓.▓[▓.▓
▓_▓.▓.▓.▓.▓.▓.▓.▓
▓_▓.▓.▓.▓.▓.▓[▓.▓
▓_▓.▓.▓.▓.▓.▓[▓.♣
▓_▓.▓.▓.▓.▓.▓.▓


You could see Aizul (asphyxiating).

Vanquished Creatures
  A frost giant (D)
  A fire giant (D)
  A stone giant (D)
  Azrael (D)
  2 boulder beetles (D)
  2 centaur warriors (D)
  A hydra (D)
  2 orc high priests (D)
  4 orc knights (D)
  2 ugly things (D)
  A deep elf pyromancer (D)
  3 orc sorcerers (D)
  An elephant (D)
  2 black mambas (D)
  A cane toad (D)
  Psyche (D)
  3 komodo dragons (D)
  An unseen horror (D)
  A kobold demonologist (D)
  A troll (D)
  A tengu conjurer (D)
  4 polar bears (D)
  A queen bee (shapeshifter) (D)
  A dream sheep (D)
  A blink frog (D)
  A culicivora (shapeshifter) (D)
  A shadow (D)
  A wyvern (D)
  Eustachio (D)
  A fire elemental (D)
  4 yaks (D)
  A basilisk (D)
  A steam dragon (D)
  2 water moccasins (D)
  4 hell hounds (D)
  5 black bears (D)
  11 orc warriors (D)
  A wolf (D)
  A killer bee (D)
  2 hounds (D)
  An orc priest (D)
  4 orc wizards (D)
  A white imp (D)
  2 ufetubi (D)
  A dart slug (D)
  12 orcs (D)
  2 hobgoblins (D)
  A ball python simulacrum (D)
  A frilled lizard (D)
  A goblin (D)
103 creatures vanquished.

Vanquished Creatures (others)
  A tengu reaver (D)
  A fire dragon (D)
  A shock serpent (shapeshifter) (D)
  A necromancer (D)
  A jelly (D)
  An orc priest (D)
  An orc (D)
7 creatures vanquished.

Grand Total: 110 creatures vanquished

Notes
Turn   | Place    | Note
-------+----------+-------------------------------------------
     0 | D        | Zeldest the Troll Fighter began the quest for the Orb.
     0 | D        | Reached XP level 1. HP: 22/22 MP: 0/0
    17 | D        | Reached skill level 3 in Unarmed Combat
    17 | D        | Reached skill level 1 in Invocations
    23 | D        | Noticed a hound
    23 | D        | Noticed a hound
    25 | D        | Reached skill level 1 in Armour
    25 | D        | Reached XP level 2. HP: 30/31 MP: 0/2
    27 | D        | Found a snail-covered altar of Cheibriados.
    27 | D        | Found a shadowy altar of Dithmenos.
    27 | D        | Found a white marble altar of Elyvilon.
    27 | D        | Found a blossoming altar of Fedhas.
    27 | D        | Found an opulent altar of Gozag.
    28 | D        | Found a hazy altar of Hepliaklqana.
    29 | D        | Found a viscous altar of Jiyva.
    30 | D        | Found an ancient bone altar of Kikubaaqudgha.
    31 | D        | Found a corrupted altar of Lugonu.
    32 | D        | Found a burning altar of Makhleb.
    33 | D        | Found a sparkling altar of Nemelex Xobeh.
    34 | D        | Found an iron altar of Okawaru.
    35 | D        | Found a stormy altar of Qazlal.
    36 | D        | Found a sacrificial altar of Ru.
    37 | D        | Became a worshipper of Jiyva Jepsont the Shapeless
    42 | D        | Reached skill level 4 in Unarmed Combat
    43 | D        | Reached XP level 3. HP: 37/37 MP: 1/3
    47 | D        | Reached skill level 5 in Unarmed Combat
    47 | D        | Reached XP level 4. HP: 47/48 MP: 1/5
    47 | D        | Found a shimmering blue altar of Sif Muna.
    48 | D        | Found a bloodstained altar of Trog.
    49 | D        | Found a hide-covered altar of Uskayaw.
    50 | D        | Found a radiant altar of Vehumet.
    51 | D        | Found an ornate altar of the Wu Jian Council.
    52 | D        | Found a shimmering altar of Xom.
    53 | D        | Found a basalt altar of Yredelemnul.
    54 | D        | Found a glowing silver altar of Zin.
    55 | D        | Found a glowing golden altar of the Shining One.
    86 | D        | Noticed a yak
    86 | D        | Noticed a troll
    86 | D        | Noticed a steam dragon
    86 | D        | Noticed a yak
    89 | D        | Reached skill level 6 in Unarmed Combat
    92 | D        | Killed a yak
    93 | D        | Reached skill level 5 in Fighting
    93 | D        | Reached skill level 7 in Unarmed Combat
    93 | D        | Reached XP level 5. HP: 40/57 MP: 6/6
    95 | D        | Killed a steam dragon
    96 | D        | Reached skill level 8 in Unarmed Combat
    96 | D        | Reached XP level 6. HP: 39/66 MP: 7/7
    99 | D        | Killed a troll
   100 | D        | Reached skill level 5 in Armour
   100 | D        | Reached skill level 5 in Dodging
   100 | D        | Reached skill level 9 in Unarmed Combat
   100 | D        | Reached XP level 7. HP: 38/75 MP: 8/8
   100 | D        | Killed a yak
   101 | D        | Reached skill level 10 in Unarmed Combat
   130 | D        | Noticed a shadow
   130 | D        | Noticed a kobold demonologist
   130 | D        | Noticed a tengu conjurer
   130 | D        | Noticed a centaur warrior
   130 | D        | Noticed a centaur warrior
   136 | D        | Killed a centaur warrior
   137 | D        | Reached skill level 11 in Unarmed Combat
   137 | D        | Reached skill level 5 in Evocations
   137 | D        | Reached XP level 8. HP: 76/87 MP: 9/9
   142 | D        | Killed a centaur warrior
   143 | D        | Reached skill level 12 in Unarmed Combat
   143 | D        | Reached XP level 9. HP: 71/93 MP: 10/10
   145 | D        | Killed a tengu conjurer
   149 | D        | Killed an unseen horror
   151 | D        | Killed a kobold demonologist
   154 | D        | Reached skill level 13 in Unarmed Combat
   162 | D        | Reached * piety under Jiyva
   251 | D        | Got the Dissertation on Battling and the Union
   265 | D        | Noticed a komodo dragon
   265 | D        | Noticed a komodo dragon
   265 | D        | Noticed a komodo dragon
   265 | D        | Noticed a cane toad
   265 | D        | Noticed a black mamba
   267 | D        | Killed a black mamba
   268 | D        | Killed a cane toad
   271 | D        | Killed a komodo dragon
   272 | D        | Killed a komodo dragon
   273 | D        | Reached XP level 10. HP: 97/106 MP: 11/11
   280 | D        | Reached skill level 14 in Unarmed Combat
   309 | D        | Reached ** piety under Jiyva
   309 | D        | Noticed a five-headed hydra
   310 | D        | Noticed a black mamba
   322 | D        | Noticed an elephant
   327 | D        | Killed an eight-headed hydra
   329 | D        | Killed a black mamba
   330 | D        | Reached skill level 5 in Shields
   335 | D        | Killed an elephant
   363 | D        | Reached XP level 11. HP: 104/117 MP: 12/12
   401 | D        | Noticed Psyche
   409 | D        | Killed Psyche
   410 | D        | Reached skill level 10 in Fighting
   489 | D        | Noticed an orc knight
   493 | D        | Reached skill level 15 in Unarmed Combat
   505 | D        | Killed an orc knight
   506 | D        | Noticed a stone giant
   528 | D        | HP: 4/117 [stone giant (28)]
   530 | D        | Killed a stone giant
   531 | D        | Reached skill level 10 in Armour
   560 | D        | Noticed an orc high priest
   583 | D        | Noticed a sixfirhy
   591 | D        | Killed an orc high priest
   592 | D        | Reached skill level 10 in Dodging
   691 | D        | Found Adduh's Weapon Boutique.
   691 | D        | Noticed an orc high priest
   691 | D        | Noticed an orc sorcerer
   694 | D        | Found Ushraehe's Book Shop.
   694 | D        | Noticed an orc knight
   695 | D        | Killed an orc sorcerer
   699 | D        | Killed an orc high priest
   706 | D        | Killed an orc knight
   711 | D        | Found Unyaj's Magic Scroll Boutique.
   721 | D        | Found Ririvyof's Jewellery Shop.
   723 | D        | Noticed an orc knight
   725 | D        | Noticed an orc sorcerer
   728 | D        | Killed an orc knight
   728 | D        | Noticed an orc sorcerer
   731 | D        | Killed an orc sorcerer
   732 | D        | Killed an orc sorcerer
   754 | D        | Bought a book of Weapons for 308 gold pieces
   760 | D        | Learned a level 5 spell: Blade Hands
   795 | D        | Bought an amulet of faith for 440 gold pieces
   814 | D        | Reached *** piety under Jiyva
   819 | D        | Gained mutation: Armour fits poorly on your pseudopods.
                  | [Jiyva's grace]
   819 | D        | Gained mutation: Armour fits poorly on your large
                  | pseudopods. [Jiyva's grace]
   819 | D        | Gained mutation: Armour fits poorly on your massive
                  | pseudopods. [Jiyva's grace]
   819 | D        | Gained mutation: Your melee attacks may engulf your foes in
                  | ooze. [Jiyva's grace]
   835 | D        | Noticed Eustachio
   840 | D        | Killed Eustachio
   957 | D        | Noticed an orc knight
   957 | D        | Noticed a boulder beetle
   957 | D        | Noticed a boulder beetle
   959 | D        | Noticed a deep elf pyromancer
   963 | D        | Killed a boulder beetle
   964 | D        | Noticed a red ugly thing
   966 | D        | Reached skill level 1 in Transmutations
   967 | D        | Reached skill level 1 in Spellcasting
   967 | D        | Noticed a tengu reaver
   967 | D        | Noticed a frost giant
   969 | D        | Killed a necromancer
   969 | D        | Killed a fire dragon
   970 | D        | Killed a shock serpent
   971 | D        | Killed a boulder beetle
   972 | D        | Reached skill level 16 in Unarmed Combat
   972 | D        | Reached XP level 12. HP: 130/130 MP: 13/13
   980 | D        | Noticed a fire giant
   983 | D        | Killed a tengu reaver
   984 | D        | Reached **** piety under Jiyva
   989 | D        | Killed a frost giant
   993 | D        | HP: 6/130 [fire giant/fireball (30)]
   994 | D        | Killed a fire giant
  1095 | D        | Noticed Azrael
  1108 | D        | Killed Azrael
  1120 | D        | Reached skill level 10 in Evocations
  1127 | D        | Noticed Aizul
  1132 | D        | HP: 2/131 [Aizul (14)]
  1132 | D        | Mangled by Aizul

Illustrated notes

Levels and vault maps discovered:
D:        linesprint [early_d, line_temple, items_1, d_10, items_2, lair_1,
          lair_end, items_3, orc_1, orc_end, items_4, d_15, swamp_1, shoals_1,
          snake_1, spider_1, d_20, vaults_1, items_5, swamp_end, shoals_end,
          snake_end, spider_end, vaults_end, d_27, items_6, zot_1, zot_end,
          crypt_end, forest_end, elf_end, slime_end, tomb_end, abyss_end,
          pan_hell_end]

Skill      XL: |  1  2  3  4  5  6  7  8  9 10 11 12 |
---------------+-------------------------------------+-----
Unarmed Combat | 3 4 5 7 8 9 11 12 13 14 16 | 16.4
Invocations    | 1 2 3 |  3.1
Fighting       | 3 5 6 7 8 9 11 | 11.6
Armour         | 1 2 4 5 6 7 8 9 11 | 11.4
Dodging        | 3 4 5 6 8 9 10 11 | 11.1
Evocations     | 2 3 5 6 8 9 10 | 10.0
Shields        | 5 8 9 |  9.0
Transmutations | 1 3 |  3.2
Spellcasting   | 1 2 |  2.6

Action                   |  1- 3 |  4- 6 |  7- 9 | 10-12 || total
-------------------------+-------+-------+-------+-------++-------
Melee: Unarmed           |    24 |    12 |    26 |   194 ||   256
       Pseudopods        |       |       |       |    13 ||    13
Invok: Slimify           |       |       |       |     1 ||     1
Evoke: Wand              |       |     1 |     3 |    19 ||    23
  Use: Scroll            |     1 |       |       |       ||     1
       Potion            |       |       |     2 |    12 ||    14
 Stab: Invisible         |       |     1 |     2 |     8 ||    11
Armor: Robe              |     9 |     3 |       |       ||    12
       Steam dragon scal |       |       |    10 |    37 ||    47
       Ice dragon scales |       |       |       |     6 ||     6
Dodge: Dodged            |    16 |     7 |     4 |    51 ||    78
Block: Kite shield       |    14 |     2 |     9 |    61 ||    86

Table legend: (Time is in decaauts)
 A = Elapsed time spent in this place.
 B = Non-inter-level travel time spent in this place.
 C = Inter-level travel time spent in this place.
 D = Time resting spent in this place.
 E = Time spent auto-exploring this place.
 F = Levels seen in this place.
 G = Mean time per level.
                   A        B        C        D        E       F      G
               +--------+--------+--------+--------+--------+-----+--------+
         Total |   1093 |   1093 |      0 |      0 |      0 |   1 | 1093.0 |
       Dungeon |   1093 |   1093 |      0 |      0 |      0 |   1 | 1093.0 |
               +--------+--------+--------+--------+--------+-----+--------+

Top non-repeatable levels by time:
       D: 1093 daAuts
